 Dungeon Crawl Stone Soup version 0.18-a0-1418-ga86aa8f (webtiles) character file.

175 Motquri the Charmwright (level 5, -2/29 HPs)
             Began as a Deep Elf Skald on Feb 26, 2016.
             Killed by nerve-wracking pain
             ... invoked by an orc priest
              (7 damage)
             ... on level 4 of the Dungeon.
             The game lasted 00:16:15 (5775 turns).

Motquri the Charmwright (Deep Elf Skald)            Turns: 5775, Time: 00:16:16

Health: -2/29      AC:  0    Str:  9    XL:     5   Next: 29%
Magic:  2/11       EV: 12    Int: 18    God:
Gold:   202        SH:  0    Dex: 14    Spells: 4 memorised, 3 levels left

rFire  . . .     SeeInvis .     a - +0 short sword
rCold  . . .     Gourm    .     (no armour)
rNeg   . . .     Faith    .     (no shield)
rPois  .         Spirit   .     (no helmet)
rElec  .         Dismiss  .     (no cloak)
rCorr  .         Reflect  .     (no gloves)
SustAt .         Harm     .     (no boots)
MR     .....                    (no amulet)
Stlth  +.........               (no ring)
                                (no ring)

@: infused, regenerating (expiring), not resistant to hostile enchantments, very
unstealthy
A: no striking features
a: no special abilities


You were on level 4 of the Dungeon.
You were not hungry.

You visited 1 branch of the dungeon, and saw 5 of its levels.

You collected 202 gold pieces.

Inventory:

Hand Weapons
 a - a +0 short sword (weapon)
 h - a +1 mace of holy wrath
Missiles
 r - 118 stones (quivered)
Armour
 b - a +0 leather armour
 l - a +0 ring mail
 u - a +0 chain mail
Jewellery
 n - an uncursed ring of resist corrosion {unknown}
Scrolls
 f - 2 scrolls of magic mapping
 o - 2 scrolls of recharging {unknown}
 v - a scroll of fog
 w - a scroll of amnesia
 y - 2 scrolls of identify
 C - a scroll of remove curse {unknown}
Potions
 e - 2 potions of agility {unknown}
 g - a potion of ambrosia {unknown}
 k - a potion of cancellation {unknown}
 m - 2 potions of haste {unknown}
 p - 2 potions of heal wounds {unknown}
 s - 3 potions of flight {unknown}
 t - a potion of curing {unknown}
 B - 2 potions of cure mutation {unknown}
 D - 2 potions of brilliance {unknown}
Books
 c - a book of Battle

   Spells                             Type                      Level
   a - Infusion                       Charms                       1
   b - Shroud of Golubria             Charms/Translocation         2
   c - Song of Slaying                Charms                       2
   d - Spectral Weapon                Hexes/Charms                 3
   e - Regeneration                   Charms/Necromancy            3
 x - a book of the Dragon

   Spells                             Type                      Level
   a - Flame Tongue                   Conjuration/Fire             1
   b - Cause Fear                     Hexes                        4
   c - Bolt of Fire                   Conjuration/Fire             6
   d - Dragon Form                    Transmutation                7
   e - Dragon's Call                  Summoning                    9
Comestibles
 d - 3 bread rations
 i - a chunk of flesh
 j - 2 meat rations
 z - 8 fruits


   Skills:
 - Level 1.5 Fighting
 - Level 2.0 Short Blades
 - Level 0.7 Armour
 - Level 1.2 Dodging
 + Level 0.3 Stealth
 - Level 3.0 Spellcasting
 + Level 2.0 Conjurations
 - Level 7.0 Charms
 - Level 1.0 Necromancy
 - Level 1.0 Translocations
 + Level 2.1 Fire Magic


You had 3 spell levels left.
You knew the following spells:

 Your Spells              Type           Power        Failure   Level  Hunger
a - Infusion              Chrm           ####         1%          1    None
b - Shroud of Golubria    Chrm/Tloc      ###.......   6%          2    ##.....
c - Regeneration          Chrm/Necr      ###.......   12%         3    ###....
d - Flame Tongue          Conj/Fire      ##...        10%         1    None


Dungeon Overview and Level Annotations

Branches:
Dungeon (5/15)
 Temple: D:4-7

Altars:
Qazlal
Ru
Xom
Yredelemnul
Zin

Annotations:
D:2 Robin


Message History

You hit the orc.
You kill the orc!
The orc hits you but does no damage.
Unknown command.
You hit the orc.
The orc is heavily wounded.
Your skin is crawling a little less now.
Unknown command.
You hit the orc!
You kill the orc!
Unknown command.
The orc priest hits you with a whip!
* * * LOW HITPOINT WARNING * * *
There is an open door, spattered with blood here.
Things that are here:
a club; an orc corpse You barely miss the orc priest.
The orc priest invokes the aid of Beogh against you.
Pain shoots through your body!
You die...

##............'...o.#........#...
##............#...o.#........#...
..............#.....#......<.#...
..............#.....#........#...
###'###)####'##.....#..##..###..#
#.###.###.....#####..##..###'##
#..#....#.....#...#.......'....
#..'....#....o#...#.......#....
#..#....'.....@[..#.......#)...
#.#######.....#..##..######.###
###..........##..##..###.##.###
#..........#..............#..
#..........#..............#..
#..........+...##..#####.####
#..........#...##.##._.###._.
######.....#.....<#.....⌠....
#.....#......#..⌠.....⌠.


You could see an orc priest.

Vanquished Creatures
  A worker ant (D:4)
  6 adders
  2 oozes (D:3)
  4 worms
  A dart slug (D:4)
  A giant gecko (D:3)
  7 orcs (D:4)
  5 bats
  4 giant cockroaches
  15 goblins
  4 hobgoblins
  2 jackals (D:3)
  3 quokkas
  A ball python (D:2)
  A giant newt (D:1)
  2 kobolds (D:2)
  7 rats
66 creatures vanquished.

Notes
Turn   | Place    | Note
--------------------------------------------------------------
     0 | D:1      | Motquri the Deep Elf Skald began the quest for the Orb.
     0 | D:1      | Reached XP level 1. HP: 12/12 MP: 6/6
   372 | D:1      | Reached skill level 5 in Charms
   671 | D:1      | Reached XP level 2. HP: 12/16 MP: 8/8
   837 | D:1      | Learned a level 2 spell: Shroud of Golubria
  1675 | D:2      | Reached skill level 6 in Charms
  1750 | D:2      | Reached XP level 3. HP: 12/20 MP: 3/9
  1872 | D:1      | Learned a level 3 spell: Regeneration
  1900 | D:2      | Found a sacrificial altar of Ru.
  1970 | D:2      | Noticed Robin
  3263 | D:3      | Reached skill level 7 in Charms
  3324 | D:3      | Reached XP level 4. HP: 23/25 MP: 2/10
  3594 | D:3      | Reached skill level 1 in Translocations
  3820 | D:3      | Reached skill level 1 in Necromancy
  3959 | D:3      | Noticed an angel
  3960 | D:3      | Found a glowing silver altar of Zin.
  3961 | D:3      | Found a shimmering altar of Xom.
  3976 | D:3      | Learned a level 1 spell: Flame Tongue
  4201 | D:4      | Reached skill level 1 in Fire Magic
  4407 | D:4      | Reached skill level 1 in Conjurations
  4442 | D:4      | Found a stormy altar of Qazlal.
  4443 | D:4      | Found a basalt altar of Yredelemnul.
  4525 | D:4      | Reached XP level 5. HP: 13/29 MP: 4/11
  5397 | D:5      | Entered Level 5 of the Dungeon
  5397 | D:5      | Noticed a phantom
  5775 | D:4      | Killed from afar by an orc priest

Vault maps used:
D:1:      matt_arrival_diagonals
D:2:      nicolae_ru_sacrificial_ziggurat, first_bread, uniq_robin
D:3:      grunt_temple_overflow_order_and_chaos_1
D:4:      gammafunk_temple_overflow_pools, minmay_curled_crystal

Skill      XL: |  1  2  3  4  5 |
---------------+----------------+-----
Charms         | 5 6 7 |  7.0
Translocations | 1 |  1.0
Necromancy     | 1 |  1.0
Fire Magic     | 1 2 |  2.1
Conjurations   | 1 2 |  2.0
Fighting       | |  1.5
Short Blades   | |  2.0
Armour         | |  0.7
Dodging        | |  1.2
Stealth        | |  0.3
Spellcasting   | |  3.0

Action                   |  1- 3 |  4- 6 || total
-------------------------+-------+-------++-------
Melee: Short sword       |    98 |    77 ||   175
       Whip              |    37 |    20 ||    57
Throw: Stone             |     6 |       ||     6
 Cast: Infusion          |    22 |    13 ||    35
       Shroud of Golubri |    11 |    14 ||    25
       Regeneration      |     4 |     3 ||     7
       Flame Tongue      |       |     7 ||     7
  Use: Scroll            |     5 |     2 ||     7
  Eat: Chunk             |     7 |     8 ||    15
       Pizza             |     1 |     1 ||     2
